 Dungeon Crawl Stone Soup version 0.20.1-1-g8b1a95d (webtiles) character file.

86 dohliylev the Covert (level 4, 0/33 HPs)
             Began as a Vampire Assassin on Dec 6, 2017.
             Slain by an orc (3 damage)
             ... on level 3 of the Dungeon.
             The game lasted 00:04:46 (2038 turns).

dohliylev the Covert (Vampire Assassin)             Turns: 2038, Time: 00:04:46

Health: 0/33       AC:  3    Str: 10    XL:     4   Next: 26%
Magic:  4/4        EV: 11    Int: 13    God:
Gold:   130        SH:  4    Dex: 16    Spells: 3/3 levels left

rFire    . . .     SeeInvis +   b - +0 blowgun
rCold    . . .     Gourm    .   i - +0 buckler
rNeg     + . .     Faith    .   c - +0 robe
rPois    .         Spirit   .   (no helmet)
rElec    .         Reflect  .   d - +0 cloak
rCorr    .         Harm     .   (no gloves)
MR       .....                  (no boots)
Stlth    ++++......             (no amulet)
Regen    0.2/turn               (no ring)
MPRegen  0.1/turn               (no ring)

@: no status effects
A: fangs 3, see invisible, unbreathing
a: Bat Form


You were on level 3 of the Dungeon.
You were not thirsty.

You visited 1 branch of the dungeon, and saw 3 of its levels.

You collected 130 gold pieces.

Inventory:

Hand Weapons
 a - a +2 dagger
 b - a +0 blowgun (weapon)
 r - a +0 blowgun
Missiles
 e - 9 poisoned needles (quivered)
 f - 2 curare-tipped needles
 k - 2 needles of sleeping
Armour
 c - a +0 robe (worn)
 d - a +0 cloak (worn)
 i - a +0 buckler (worn)
Jewellery
 o - an uncursed ring of see invisible {unknown}
 s - an uncursed ring of see invisible {unknown}
Wands
 p - a wand of random effects (18/48)
Scrolls
 j - 2 scrolls of fog {unknown}
 l - a scroll of identify {unknown}
 m - a scroll of enchant armour {unknown}
 q - 3 scrolls of blinking {unknown}
Potions
 g - 5 potions of blood
 h - a potion of ambrosia {unknown}
 n - 2 potions of curing {unknown}
 t - a potion of mutation {unknown}


   Skills:
 - Level 1.7 Fighting
 - Level 2.1 Short Blades
 - Level 1.5 Throwing
 - Level 1.1 Dodging
 + Level 8.6 Stealth
 + Level 0.6 Shields


You had 3 spell levels left.
You didn't know any spells.

Dungeon Overview and Level Annotations

Branches:
Dungeon (3/15)

Altars:
Gozag
Nemelex Xobeh


Innate Abilities, Weirdness & Mutations

You have razor-sharp teeth.
You have supernaturally acute eyesight. (SInv)
You can survive without breathing.


Message History

The orc priest calls upon Beogh to heal the orc.
The orc's wounds heal themselves!
Firing (i - inventory. (,) - cycle):
e - 11 poisoned needles (quivered)
Press: ? - help, Shift-Dir - straight line, f/p - orc
Aim: an orc (poisoned)
You shoot a poisoned needle.
The poisoned needle closely misses the orc.
The poisoned needle hits the orc priest.
The orc priest is poisoned.
The orc closely misses you.
The orc priest mumbles some strange prayers to Beogh against you.
Beogh smites you!
* * * LOW HITPOINT WARNING * * *
Firing (i - inventory. (,) - cycle):
e - 10 poisoned needles (quivered)
Press: ? - help, Shift-Dir - straight line, f/p - orc
Aim: an orc (heavily wounded, poisoned)
You shoot a poisoned needle. The poisoned needle hits the orc.
The orc is heavily wounded.
The orc looks more healthy.
The orc priest looks more healthy.
The orc hits you.
You die...

#.#.#.#.#
#.###...##
#+#.#...#
#.# #####
........#
#.#
..[.....#
#.#
.......>#
#.#
......###
#.#
......#
#.#
.....##
#.# .....#
#@# .....#
#o# .....#
#.# .....#
#o# #.####
#.# #.#
#o# #.#
#.# #.#
#o#.# #.#
#(#.#


You could see an orc priest and 3 orcs.

Vanquished Creatures
  An iguana (D:3)
  A gnoll (D:3)
  3 adders (D:3)
  A worm (D:3)
  6 goblins
  3 hobgoblins
  A bat (D:1)
  2 frilled lizards (D:1)
  3 kobolds
21 creatures vanquished.

Notes
Turn   | Place    | Note
-------+----------+-------------------------------------------
     0 | D:1      | dohliylev the Vampire Assassin began the quest for the Orb.
     0 | D:1      | Reached XP level 1. HP: 16/16 MP: 1/1
     8 | D:1      | Reached skill level 6 in Stealth
   826 | D:3      | Reached skill level 7 in Stealth
   826 | D:3      | Reached XP level 2. HP: 4/22 MP: 2/2
  1061 | D:3      | Reached XP level 3. HP: 27/27 MP: 3/3
  1570 | D:3      | Reached skill level 8 in Stealth
  1570 | D:3      | Reached XP level 4. HP: 16/33 MP: 2/4
  1982 | D:3      | Found an opulent altar of Gozag.
  1983 | D:3      | Found a sparkling altar of Nemelex Xobeh.
  2038 | D:3      | Slain by an orc

Skill      XL: |  1  2  3 |
---------------+----------+-----
Stealth        | 7 8 |  8.6
Fighting       | |  1.7
Short Blades   | |  2.1
Throwing       | |  1.5
Dodging        | |  1.1
Shields        | |  0.6

Action                   |  1- 3 |  4- 6 || total
-------------------------+-------+-------++-------
Melee: Dagger            |    38 |     3 ||    41
       Bite              |     7 |       ||     7
 Fire: Blowgun           |    25 |    13 ||    38
 Abil: End Transformatio |     3 |       ||     3
       Bat Form          |     3 |       ||     3
 Stab: Sleeping          |     5 |     1 ||     6
  Eat: Corpse            |     6 |       ||     6
Armor: Robe              |     6 |     2 ||     8
Dodge: Dodged            |    19 |     8 ||    27
Block: Buckler           |     5 |     3 ||     8
